 Dungeon Crawl Stone Soup version 0.28-a0-1234-g826d19b2e0 (webtiles) character file.

Game seed: 12533719511948348094

53 Zonian the Sneak (level 3, 0/18 HPs)
             Began as a Vine Stalker Brigand on Dec 24, 2021.
             Was a Follower of Kikubaaqudgha.
             Succumbed to an adder's poison
             ... on level 3 of the Dungeon.
             The game lasted 00:03:07 (3080 turns).

Zonian the Sneak (Vine Stalker Brigand)             Turns: 3080, Time: 00:03:08

Health: 0/18       AC:  4    Str: 11 (13) XL:     3   Next: 87%
Magic:  4/4        EV: 12    Int:  9 (11) God:    Kikubaaqudgha [*.....]
Gold:   116        SH:  0    Dex: 16 (17) Spells: 2/2 levels left

rFire   . . .      SeeInvis .   a - +2 dagger
rCold   . . .      Faith    .   (no shield)
rNeg    . . .      Spirit   +   b - +0 robe
rPois   .          Reflect  .   (no helmet)
rElec   .          Harm     .   c - +0 cloak
rCorr   .          Rampage  .   p - +0 pair of gloves
Will    .....                   (no boots)
Stlth   +++.......              (no amulet)
HPRegen 0.06/turn               (no ring)
MPRegen 0.09/turn               (no ring)

@: mighty, brilliant, lethally poisoned (0 -> -3), attractive
A: fangs 2, magic shield, antimagic bite, no potion heal 2
a: Renounce Religion, Receive Corpses


You were on level 3 of the Dungeon.
You worshipped Kikubaaqudgha.
Kikubaaqudgha was aware of your devotion.
You visited 1 branch of the dungeon, and saw 3 of its levels.

You collected 116 gold pieces.

Inventory:

Hand Weapons
 a - a +2 dagger (weapon)
 k - a +0 hunting sling
 n - a +0 war axe
Missiles
 d - 8 poisoned darts (quivered)
 e - 2 curare-tipped darts
 m - 3 javelins
 q - 21 sling bullets
Armour
 b - a +0 robe (worn)
 c - a +0 cloak (worn)
 p - a +0 pair of gloves (worn)
Scrolls
 i - 2 scrolls of teleportation {unknown}
 l - a scroll of enchant weapon {unknown}
 o - a scroll of amnesia {unknown}
 r - 3 scrolls of identify {unknown}
 s - a scroll of noise {unknown}
 t - a scroll of magic mapping {unknown}


   Skills:
 + Level 2.2 Fighting
 + Level 2.2 Short Blades
 + Level 2.3 Throwing
 + Level 1.3 Dodging
 + Level 5.2 Stealth


You had 2 spell levels left.
You didn't know any spells.
Your spell library contained the following spells:

 Spells                   Type           Power      Damage    Failure   Level
 Pain                     Necr           0%         1d4       38%         1
 Corpse Rot               Necr/Air       0%         N/A       52%         2
 Ensorcelled Hibernation  Hex/Ice        0%         N/A       52%         2
 Sublimation of Blood     Necr           0%         N/A       52%         2
 Tukima's Dance           Hex            0%         N/A       77%         3
 Vampiric Draining        Necr           0%         2d6       77%         3


Dungeon Overview and Level Annotations

Branches:
Dungeon (3/15)

Altars:
Kikubaaqudgha


Innate Abilities, Weirdness & Mutations

You have extremely sharp teeth.
When hurt, damage is shared between your health and your magic reserves.
Your bite disrupts and absorbs the magic of your enemies.
Potions cannot restore your health.


Message History

You barely miss the adder.
The adder is lightly wounded.
You feel sick. The adder closely misses you.
You closely miss the adder.
The adder is lightly wounded.
You feel sick. The adder closely misses you.
Unknown command.
You closely miss the adder.
The adder is lightly wounded.
You feel sick. The adder bites you.
You are lethally poisoned!
The adder poisons you!
Unknown command.
It was a potion of might.
You feel very mighty all of a sudden.
* * * LOW HITPOINT WARNING * * *
You feel sick.
The adder bites you but does no damage. x2
Unknown command.
It was a potion of degeneration.
There was something very wrong with that liquid.
You feel weakened.
You feel dopey.
You feel clumsy.
* * * LOW HITPOINT WARNING * * *
You feel sick. The adder misses you.
Unknown command.
It was a potion of brilliance.
You feel clever all of a sudden.
* * * LOW HITPOINT WARNING * * *
You feel sick. The adder misses you.
Unknown command.
It was a potion of attraction.
You feel attractive to monsters.
* * * LOW HITPOINT WARNING * * *
You feel sick. The adder bites you but does no damage.
Unknown command.
Unknown command.
You closely miss the adder. You bite the adder! You drain its power.
You feel invigorated.
The adder is almost dead.
You die...
Kikubaaqudgha rasps: "You have failed me!
Welcome... death!"

.# #.......§_.§..### .#
##.##........†.# # .#
##..##........†.# # .#
#>.###............. .#
#.###..............
.##########################...##.
................. #...##.
.####.####.####.#### #...#
.#).'.'..#.#..+.@S.# #...#
.#..#.#..#.#..#.#..# ....
.##+#.##+#.##'#.##+#.#
..........[............
.##'#.##+#.##+#.##+#.##
.#..#.#..#.#..#.#
.#..#.#..'.'..#.#
.####.####.####.##
..................


You could see an adder.

Vanquished Creatures
  An adder (D:3)
  A dart slug (D:1)
  An orc (D:2)
  2 ball pythons (D:1)
  3 endoplasms
  2 giant cockroaches (D:3)
  10 goblins
  3 hobgoblins (D:1)
  2 bats
  A frilled lizard (D:1)
  4 kobolds
  7 rats
37 creatures vanquished.

Notes
Turn   | Place    | Note
-------+----------+-------------------------------------------
     0 | D:1      | Zonian the Vine Stalker Brigand began the quest for the
                  | Orb.
     0 | D:1      | Reached XP level 1. HP: 11/11 MP: 2/2
   680 | D:1      | Reached skill level 1 in Dodging
   680 | D:1      | Reached XP level 2. HP: 12/15 MP: 3/3
   751 | D:1      | Reached skill level 5 in Stealth
  1113 | D:1      | Reached XP level 3. HP: 18/18 MP: 4/4
  2807 | D:3      | Found a faded altar of an unknown god.
  2942 | D:3      | Prayed at the altar of an unknown god.
  2942 | D:3      | Became a worshipper of Kikubaaqudgha
  2942 | D:3      | Reached * piety under Kikubaaqudgha
  2942 | D:3      | Received a gift from Kikubaaqudgha
  3080 | D:3      | Succumbed to an adder's poison

Illustrated notes

Levels and vault maps discovered:
D:1:      wheals_arrival_linesprint, layout_loops_ring
D:2:      layout_basic
D:3:      minmay_door_path, layout_rooms, portal_sewer_entry_f,
          ebering_ecumenical_altar_mist, kennysheep_decorative_pillar,
          grunt_ministairs_7

Skill      XL: |  1  2 |
---------------+-------+-----
Dodging        | 1 |  1.3
Throwing       | 2 |  2.3
Stealth        | 5 |  5.2
Short Blades   | 2 |  2.2
Fighting       | 2 |  2.2

Action                   || total
-------------------------++-------
Melee: Dagger            ||   105
       Bite              ||    25
  Use: Potion            ||     4
 Stab: Sleeping          ||     6
Armor: Robe              ||    31
Dodge: Dodged            ||    68

Table legend: (Time is in decaauts)
 A = Elapsed time spent in this place.
 B = Non-inter-level travel time spent in this place.
 C = Inter-level travel time spent in this place.
 D = Time resting spent in this place.
 E = Time spent auto-exploring this place.
 F = Levels seen in this place.
 G = Mean time per level.
                   A        B        C        D        E       F      G
               +--------+--------+--------+--------+--------+-----+--------+
         Total |   3072 |   2975 |     97 |    967 |   1591 |   3 | 1024.0 |
       Dungeon |   3072 |   2975 |     97 |    967 |   1591 |   3 | 1024.0 |
               +--------+--------+--------+--------+--------+-----+--------+

Top non-repeatable levels by time:
     D:1: 1597 daAuts
     D:2: 1094 daAuts
     D:3: 380 daAuts
